 Dungeon Crawl Stone Soup version 0.25.1-2-g60ff931df9 (webtiles) character file.

Game seed: 5929248759373324265

334 Curus the Cleaver (level 6, -11/51 HPs)
             Began as a Minotaur Fighter on Sept 14, 2020.
             Was a Follower of Makhleb.
             Killed by divine providence
             ... invoked by an orc priest
              (17 damage)
             ... on level 4 of the Dungeon.
             The game lasted 00:14:57 (3236 turns).

Curus the Cleaver (Minotaur Fighter)                Turns: 3236, Time: 00:14:58

Health: -11/51     AC: 10    Str: 20    XL:     6   Next: 27%
Magic:  5/5        EV:  5    Int:  7    God:    Makhleb [*.....]
Gold:   145        SH: 10    Dex: 10    Spells: 5/5 levels left

rFire    . . .     SeeInvis .   a - +0 war axe
rCold    . . .     Gourm    .   c - +1 kite shield
rNeg     . . .     Faith    .   i - +0 chain mail
rPois    .         Spirit   .   (helmet restricted)
rElec    .         Reflect  .   (no cloak)
rCorr    .         Harm     .   e - +0 pair of gloves
MR       .....                  (no boots)
Stlth    ..........             (no amulet)
HPRegen  0.17/turn              (no ring)
MPRegen  0.09/turn              (no ring)

@: mighty
A: retaliatory headbutt, horns 2
a: Renounce Religion


You were on level 4 of the Dungeon.
You worshipped Makhleb.
Makhleb was aware of your devotion.
You were hungry.

You visited 1 branch of the dungeon, and saw 4 of its levels.

You collected 145 gold pieces.

Inventory:

Hand Weapons
 a - a +0 war axe (weapon)
Armour
 b - a +0 scale mail
 c - a +1 kite shield (worn)
 e - a +0 pair of gloves (worn)
 i - a +0 chain mail (worn)
Scrolls
 g - 5 scrolls of identify
 j - 2 scrolls of remove curse
Potions
 d - a potion of might
 h - a potion of magic
Comestibles
 f - 7 rations


   Skills:
 - Level 3.6 Fighting
 + Level 8.1 Axes
 - Level 3.6 Armour
 - Level 3.6 Shields


You had 5 spell levels left.
You didn't know any spells.
Your spell library was empty.

Dungeon Overview and Level Annotations

Branches:
Dungeon (4/15)
 Temple: D:4-7

Altars:
Makhleb
Ru
Wu Jian
Xom


Innate Abilities, Weirdness & Mutations

You reflexively headbutt those who attack you in melee.
You have a pair of horns on your head.


Message History

* * * LOW HITPOINT WARNING * * *
You barely miss the orc priest.
The orc priest hits you but does no damage.
You feel very mighty all of a sudden. You block the orc priest's attack.
You block the worker ant's attack.
You closely miss the orc priest. You hit the worker ant.
You block the worker ant's attack. You block the orc priest's attack.
You block the worker ant's attack.
You closely miss the orc priest. You slash the worker ant!
Your shield and chain mail prevent you from hitting the worker ant.
The worker ant bites you.
* * * LOW HITPOINT WARNING * * *
The worker ant barely misses you. You block the orc priest's attack.
The worker ant bites you but does no damage.
You closely miss the orc priest. You barely miss the worker ant.
You slash the worker ant! The worker ant bites you.
* * * LOW HITPOINT WARNING * * *
The orc priest calls down the wrath of Beogh upon you.
Beogh smites you!
You die...

..........
#.........
##.........
....[.....
#.......#.
......(..
##ao...#..
#.@a...... #
##)......## #.
#[)........
###.###.).......#
###...†....#...####
..........######
###.....†#########
#<....(#.......#
#...............


You could see 2 worker ants and an orc priest.

Vanquished Creatures
  A hound (D:4)
  A jelly (D:4)
  3 orc priests (D:4)
  An orc wizard (D:4)
  A worker ant (D:4)
  4 gnolls
  An adder (D:2)
  A worm (D:3)
  2 dart slugs (D:1)
  3 leopard geckos
  6 orcs
  4 bats
  3 giant cockroaches
  7 hobgoblins
  2 jackals (D:3)
  2 ball pythons
  5 frilled lizards
  A goblin (D:1)
  3 kobolds
  7 rats
58 creatures vanquished.

Vanquished Creatures (others)
  An orc wizard (D:4)
1 creature vanquished.

Grand Total: 59 creatures vanquished

Notes
Turn   | Place    | Note
-------+----------+-------------------------------------------
     0 | D:1      | Curus the Minotaur Fighter began the quest for the Orb.
     0 | D:1      | Reached XP level 1. HP: 19/19 MP: 0/0
   158 | D:1      | Reached skill level 3 in Axes
   200 | D:1      | Reached XP level 2. HP: 26/26 MP: 1/1
  1203 | D:2      | Found a burning altar of Makhleb.
  1203 | D:2      | Found a shimmering altar of Xom.
  1235 | D:2      | Became a worshipper of Makhleb the Destroyer
  1265 | D:2      | Reached skill level 4 in Axes
  1593 | D:2      | Reached XP level 3. HP: 25/31 MP: 2/2
  1748 | D:1      | Reached skill level 5 in Axes
  2200 | D:2      | Found an ornate altar of the Wu Jian Council.
  2213 | D:2      | Reached XP level 4. HP: 16/39 MP: 3/3
  2641 | D:3      | Found a sacrificial altar of Ru.
  2759 | D:3      | Reached * piety under Makhleb
  3013 | D:4      | Reached skill level 6 in Axes
  3038 | D:4      | Reached XP level 5. HP: 43/45 MP: 4/4
  3070 | D:4      | Reached skill level 7 in Axes
  3112 | D:4      | Reached XP level 6. HP: 10/51 MP: 5/5
  3229 | D:4      | Reached skill level 8 in Axes
  3236 | D:4      | Killed from afar by an orc priest

Illustrated notes

Levels and vault maps discovered:
D:1:      kilobyte_arrival_exit_the_forest, layout_basic, fountainhead
D:2:      layout_basic, grunt_temple_overflow_open, lemuel_doored_altar
D:3:      layout_rooms, nicolae_ru_awakened_eye
D:4:      layout_rooms, enter_ossuary_3

Skill      XL: |  1  2  3  4  5  6 |
---------------+-------------------+-----
Axes           | 3 4 5 6 7 8 |  8.1
Fighting       | |  3.6
Armour         | |  3.6
Shields        | |  3.6

Action                   |  1- 3 |  4- 6 || total
-------------------------+-------+-------++-------
Melee: War axe           |    86 |    90 ||   176
       Headbutt          |    18 |    17 ||    35
  Use: Scroll            |     5 |     2 ||     7
       Potion            |     2 |     1 ||     3
  Eat: Chunk             |     3 |     4 ||     7
Armor: Scale mail        |    14 |       ||    14
       Chain mail        |    24 |    40 ||    64
Dodge: Dodged            |    25 |    15 ||    40
Block: Kite shield       |    46 |    35 ||    81
